 Dungeon Crawl Stone Soup version 0.30-a0-627-gc11e7ae810 (webtiles) character file.

Game seed: 2561605040834937364

18718 Majang the Frost Mage (level 12, -7/88 HPs)
             Began as a Mummy Ice Elementalist on Jan 12, 2023.
             Was the Champion of Ru.
             Shot with an arrow by Nessos (13 damage)
             ... on level 3 of the Lair of Beasts.
             The game lasted 01:17:27 (14665 turns).

Majang the Frost Mage (Mummy Ice Elementalist)     Turns: 14665, Time: 01:17:27

Health: -7/88      AC: 24    Str: 11    XL:     12   Next: 30%
Magic:  13/22      EV: 13    Int: 20    God:    Ru [******]
Gold:   341        SH:  0    Dex: 10    Spells: 6/28 levels left

rFire   x . .      SeeInvis .    s - +2 flail (protect)
rCold   + . .      Faith    +    (shield unavailable)
rNeg    + + +      Spirit   .    n - +1 robe {Will+}
rPois   ∞          Reflect  .    u - +1 helmet
rElec   .          Harm     .    v - +0 cloak
rCorr   .          Rampage  .    E - +2 pair of gloves
Will    +++..                    (no boots) Stlth
                                 e - amulet of regeneration
HPRegen 1.14/turn                (ring unavailable)
MPRegen 0.18/turn                x - ring of willpower

@: ice-armoured, under a protective aura, freezing walls
A: clumsy 1, cold resistance 1, low MP 1, negative energy resistance 3, torment
resistance 2, heat vulnerability 1, missing a hand, no stealth, no air magic, no
conjurations magic, no hexes magic, unskilled 1, in touch with death 1, no
potions, faith
a: Renounce Religion, Draw Out Power, Power Leap, Apocalypse


You were on level 3 of the Lair of Beasts.
You worshipped Ru.
Ru was exalted by your worship.
You visited 3 branches of the dungeon, and saw 15 of its levels.

You collected 633 gold pieces.
You spent 292 gold pieces at shops.

Inventory:

Hand Weapons
 c - the +8 trident of Grace {antimagic, rF+ rN+ Will- Dex+4}
   (You found it on level 4 of the Dungeon)

   Dex:       It affects your dexterity (+4).
   rF:        It protects you from fire.
   rN:        It protects you from negative energy.
   Will:      It decreases your willpower.
 g - a +0 demon whip of venom
 k - a +1 dagger of pain
 s - a +2 flail of protection (weapon)
 y - a +3 flail of flaming
Armour
 n - a +1 robe of willpower (worn)
 u - a +1 helmet (worn)
 v - a +0 cloak (worn)
 C - +1 steam dragon scales
 E - a +2 pair of gloves (worn)
Magical Staves
 F - a staff of fire
Jewellery
 e - an amulet of regeneration (around neck)
 l - a ring of resist corrosion
 x - a ring of willpower (right hand)
Wands
 j - a wand of iceblast (19)
 m - a wand of quicksilver (12)
 q - a wand of flame (21)
 r - a wand of charming (8)
 A - a wand of digging (6)
Scrolls
 b - 2 scrolls of magic mapping
 d - a scroll of blinking
 f - 4 scrolls of immolation
 h - 4 scrolls of fog
 i - 2 scrolls of fear
 o - 4 scrolls of vulnerability
 p - 4 scrolls of amnesia
 z - 2 scrolls of poison
 B - a scroll of silence
 D - 2 scrolls of teleportation
Miscellaneous
 a - a condenser vane (inert)


   Skills:
 + Level 6.1 Fighting
 + Level 4.0 Maces & Flails
 + Level 5.3 Dodging
 - Level 2.6 Unarmed Combat
 + Level 8.9 Spellcasting
 + Level 6.7 Necromancy
 * Level 9.2 Ice Magic
 + Level 5.1 Evocations


You had 6 spell levels left.
You knew the following spells:

 Your Spells              Type           Power      Damage    Failure   Level
a - Ozocubu's Armour      Ice            45%        N/A       1%          3
b - Summon Ice Beast      Ice/Summ       27%        N/A       12%         4
c - Agony                 Necr           52%        N/A       14%         5
f - Freeze                Ice            100%       1d10      1%          1
h - Hailstorm             Conj/Ice       27%        3d7       3%          3
r - Frozen Ramparts       Ice            90%        1d14      1%          3
v - Vampiric Draining     Necr           52%        2d9       1%          3

Your spell library contained the following spells:

 Spells                   Type           Power      Damage    Failure   Level
 Necrotise                Necr           100%       1d9       1%          1
 Simulacrum               Ice/Necr       28%        N/A       41%         6
 Animate Armour           Summ/Erth      16%        N/A       61%         4
 Cigotuvi's Dreadful Rot  Necr/Pois/Air  Unusable   N/A       N/A         2
 Poisonous Vapours        Pois/Air       Unusable   N/A       N/A         2
 Ice Form                 Ice/Tmut       Unusable   N/A       N/A         4
 Mephitic Cloud           Conj/Pois/Air  Unusable   N/A       N/A         3
 Blade Hands              Tmut           Unusable   N/A       N/A         5
 Iron Shot                Conj/Erth      Unusable   9d2       N/A         6

Dungeon Overview and Level Annotations

Branches:
Dungeon (11/15)            Temple (1/1) D:4            Lair (3/5) D:11
  Snake (0/4) Lair:2          Orc (0/2) D:10
  Swamp: Lair:2-3    Shoals: Lair:2-3

Altars:
Ashenzari
Cheibriados
Dithmenos
Fedhas
Gozag
Hepliaklqana
Kikubaaqudgha
Makhleb
Nemelex Xobeh
Okawaru
Qazlal
Ru
Sif Muna
Trog
Uskayaw
Vehumet
Wu Jian
Xom
Yredelemnul

Shops:
D:1 =   D:3 !   D:9 *   D:10 *

Annotations:
D:5 3 runed translucent doors, Citaku's ghost, amateur MiFi
Lair:3 Nessos


Innate Abilities, Weirdness & Mutations

You are immune to poison.
You are clumsy. (Dex -2)
Your flesh is cold resistant. (rC+)
Your magical capacity is low. (-10% MP)
You are immune to negative energy. (rN+++)
You are immune to unholy pain and torment.
You are vulnerable to heat. (rF-)
You are missing a hand.
You cannot be stealthy.
You cannot study or cast Air magic.
You cannot study or cast Conjurations magic.
You cannot study or cast Hexes magic.
You are somewhat unskilled. (-1 Apt)
You are in touch with the powers of death.
You do not drink.
You have a special connection with the divine. (Faith)


Message History

The black mamba is no longer moving slowly.
The wall freezes the black mamba but does no damage.
The black mamba bites you but does no damage.
The wall freezes the water moccasin!
The water moccasin seems to slow down.
The water moccasin is stunned by your conviction and fails to attack.
The wall freezes the black mamba.
The black mamba seems to slow down.
The black mamba closely misses you.
You sock the black mamba!
The black mamba is almost dead.
The black mamba is no longer moving slowly.
Nessos mumbles some strange words.
Nessos blinks!
The wall freezes the water moccasin.
You kill the water moccasin!
The wall freezes the black mamba.
You kill the black mamba!
Nessos mumbles some strange words.
Nessos seems to speed up.
Casting: Ozocubu's Armour (safe; 1% risk of failure)
Confirm with . or Enter, or press ? or * to list all spells.
A chill wind blows around you.
Nessos shoots an arrow.
The arrow closely misses your ice beast.
The arrow hits you! The arrow burns you.
Nessos shoots an arrow.
The arrow hits your ice beast!! The arrow melts your ice beast!
Your ice beast dies!
Your ice beast disappears in a puff of smoke!
The heat melts your icy armour.
Your icy armour and frozen ramparts will break if you move.
Continue?
All monsters which could be auto-targeted are covered by a wall or statue which interrupts your line of fire, even though it doesn't interrupt your line of sight.
Aiming: Power Leap
Press: ? - help, Dir - move target
Okay, then.
Clouds of noxious fumes condense around you!
The condenser dries out!
Nessos is engulfed in noxious fumes.
Nessos mumbles some strange words.
Nessos blinks!
Nessos shoots an arrow.
The arrow hits you!!
* * * LOW HITPOINT WARNING * * *
The arrow burns you.
* * * LOW HITPOINT WARNING * * *
Nessos shoots an arrow.
The arrow hits you!
You die...

... .#.#.#.#...P
...#........###
.#......P....#
...........# .
#....##...## ...
#.!.P##....#
#..#P.........#
#..^@.§§.....#
#.###†.§.§§#.#
..(...P§§§######
...c.§..#§§§...#.#
........##........#
.......>##.P......####
..............#...##.#
........c.......#.#...
..##......†.....


You could see Nessos (fast).

Vanquished Creatures
  2 manticores
  4 black mambas
  7 cane toads
  An orange demon (Lair:2)
  Maggie (D:10)
  A rime drake (Lair:3)
  2 komodo dragons
  A troll (D:10)
  2 hornets
  Prince Ribbit (D:5)
  Grinder (D:6)
  13 blink frogs
  A slime creature (D:10)
  Sigmund (D:5)
  A shadow (D:11)
  3 wraiths
  A wyvern (Lair:2)
  6 yaks (D:10)
  2 basilisks (Lair:1)
  Edmund (D:6)
  5 water moccasins
  3 black bears
  8 orc warriors
  4 centaurs
  3 ogres
  7 wolves
  2 phantoms (D:5)
  10 bullfrogs
  A necrophage (D:5)
  4 scorpions
  8 wights
  8 killer bees
  A howler monkey (D:8)
  3 hounds
  A jelly (D:6)
  11 orc priests
  Crazy Yiuf (D:6)
  3 gnoll boudas
  Ijyb (D:5)
  3 iguanas
  15 orc wizards
  8 adders
  10 gnolls (D:6)
  A white imp (D:6)
  A nameless horror (D:8)
  An ufetubus (D:4)
  2 worms (D:4)
  33 orcs
  7 ball pythons
  6 endoplasms
  6 giant cockroaches
  8 goblins
  5 hobgoblins
  4 jackals (D:1)
  5 kobolds
  3 quokkas
  8 bats
  2 frilled lizards
  5 rats
269 creatures vanquished.

Vanquished Creatures (collateral kills)
  Amaemon (Lair:2)
  An ugly thing (D:11)
  4 slime creatures (D:10)
  A phantom (D:7)
  A scorpion (D:6)
  3 wights
11 creatures vanquished.

Vanquished Creatures (others)
  A hornet (D:11)
  An orc warrior (D:9)
  A centaur (D:7)
  An orc priest (D:9)
  2 fungi
  2 plants
8 creatures vanquished.

Grand Total: 288 creatures vanquished

Notes
Turn   | Place    | Note
-------+----------+-------------------------------------------
     0 | D:1      | Majang the Mummy Ice Elementalist began the quest for the
                  | Orb.
     0 | D:1      | Reached XP level 1. HP: 13/13 MP: 4/4
   161 | D:1      | Reached XP level 2. HP: 13/19 MP: 3/6
   515 | D:1      | Found Pufeat's Jewellery Boutique.
   930 | D:2      | Gained mutation: You are in touch with the powers of death.
                  | [Mummy growth]
   930 | D:2      | Reached XP level 3. HP: 24/24 MP: 3/7
   993 | D:2      | Reached skill level 4 in Ice Magic
  1100 | D:2      | Learned a level 3 spell: Frozen Ramparts
  1104 | D:2      | Learned a level 3 spell: Vampiric Draining
  1846 | D:3      | Found Reytt's Distillery.
  2198 | D:3      | Reached skill level 1 in Necromancy
  2198 | D:3      | Reached XP level 4. HP: 28/30 MP: 1/9
  3037 | D:4      | Reached XP level 5. HP: 35/35 MP: 7/11
  3043 | D:4      | Learned a level 3 spell: Ozocubu's Armour
  3232 | D:4      | Found a staircase to the Ecumenical Temple.
  3266 | Temple   | Entered the Ecumenical Temple
  3472 | Temple   | Became a worshipper of Ru the Awakened
  3546 | D:4      | Identified the +8 trident of Grace {antimagic, rF+ rN+
                  | Will- Dex+4}
  3942 | D:4      | Found a burning altar of Makhleb.
  4074 | D:4      | Noticed a black bear
  4074 | D:4      | Noticed an ogre
  4081 | D:4      | Killed an ogre
  4082 | D:4      | Reached skill level 5 in Ice Magic
  4082 | D:4      | Reached XP level 6. HP: 34/41 MP: 2/13
  4088 | D:4      | Reached skill level 5 in Spellcasting
  4251 | D:4      | Reached XP level 7. HP: 37/46 MP: 8/14
  4544 | D:5      | Entered Level 5 of the Dungeon
  4814 | D:5      | Noticed Prince Ribbit
  4859 | D:5      | Killed Prince Ribbit
  4860 | D:5      | Reached skill level 1 in Fighting
  4860 | D:5      | Reached skill level 1 in Unarmed Combat
  4860 | D:5      | Reached skill level 6 in Ice Magic
  4948 | D:5      | Reached skill level 1 in Evocations
  5048 | D:5      | Reached XP level 8. HP: 54/54 MP: 12/16
  5207 | D:5      | Noticed Sigmund
  5214 | D:5      | Killed Sigmund
  5361 | D:5      | Gained mutation: You are somewhat unskilled. (-1 Apt) [Ru
                  | sacrifice]
  5361 | D:5      | Reduced skill Unarmed Combat to level 1
  5361 | D:5      | Reduced skill Spellcasting to level 5
  5361 | D:5      | Reduced skill Ice Magic to level 5
  5361 | D:5      | Reached * piety under Ru
  5451 | D:5      | Noticed Ijyb
  5462 | D:5      | Killed Ijyb
  5744 | D:5      | Found a runed translucent gate.
  5745 | D:5      | Found a runed translucent gate.
  5745 | D:5      | Found a runed translucent gate.
  5761 | D:5      | Learned a level 4 spell: Summon Ice Beast
  5761 | D:5      | Noticed Citaku's ghost (amateur MiFi)
  5998 | D:6      | Noticed Edmund
  6018 | D:6      | Killed Edmund
  6019 | D:6      | Reached skill level 6 in Ice Magic
  6122 | D:6      | Noticed Grinder
  6135 | D:6      | Paralysed by Grinder for 3 turns
  6139 | D:6      | Paralysed by Grinder for 5 turns
  6153 | D:6      | Killed Grinder
  6210 | D:6      | Reached XP level 9. HP: 62/62 MP: 11/17
  6662 | D:6      | Learned a level 3 spell: Hailstorm
  7322 | D:6      | Found a runed translucent door.
  7323 | D:6      | Noticed Crazy Yiuf
  7331 | D:6      | Killed Crazy Yiuf
  7570 | D:7      | Gained mutation: You are missing a hand. [Ru sacrifice]
  7570 | D:7      | Reached ** piety under Ru
  7570 | D:7      | Reached *** piety under Ru
  7570 | D:7      | Reached **** piety under Ru
  7931 | D:7      | Found a shimmering altar of Xom.
  8661 | D:8      | Reached skill level 7 in Ice Magic
  8919 | D:8      | Gained mutation: You cannot study or cast Air magic. [Ru
                  | sacrifice]
  8919 | D:8      | Gained mutation: You cannot study or cast Hexes magic. [Ru
                  | sacrifice]
  8919 | D:8      | Gained mutation: You cannot study or cast Conjurations
                  | magic. [Ru sacrifice]
  8919 | D:8      | Reached ***** piety under Ru
  9079 | D:8      | Reached skill level 1 in Maces & Flails
  9106 | D:8      | Reached XP level 10. HP: 28/71 MP: 3/20
  9888 | D:9      | Found Witaedik's Assorted Antiques.
  9892 | D:9      | Bought a glowing steel ring for 140 gold pieces
 10091 | D:9      | You fall into a shaft and drop 2 floors!
 10097 | D:10     | Entered Level 10 of the Dungeon
 10097 | D:10     | Noticed Maggie
 10097 | D:10     | Found Qoof's General Store.
 10137 | D:9      | Noticed a manticore
 10155 | D:9      | Killed a manticore
 10156 | D:9      | Reached skill level 5 in Necromancy
 11045 | D:10     | Gained mutation: You cannot be stealthy. [Ru sacrifice]
 11142 | D:10     | Killed Maggie
 11218 | D:10     | Bought a +1 robe of willpower for 152 gold pieces
 11550 | D:10     | Reached XP level 11. HP: 77/78 MP: 16/22
 11605 | D:10     | Reached skill level 8 in Ice Magic
 11769 | D:10     | Found a staircase to the Orcish Mines.
 11850 | D:11     | Found an opulent altar of Gozag.
 11987 | D:11     | Found a staircase to the Lair.
 12134 | D:11     | Reached skill level 5 in Fighting
 12292 | D:11     | Noticed a white ugly thing
 12307 | D:11     | Killed a cyan ugly thing
 12474 | D:11     | Gained mutation: You are clumsy. (Dex -2) [Ru sacrifice]
 12716 | Lair:1   | Entered Level 1 of the Lair of Beasts
 13707 | Lair:2   | Learned a level 5 spell: Agony
 13888 | Lair:2   | Noticed Amaemon
 13912 | Lair:2   | Killed Amaemon
 13913 | Lair:2   | Reached skill level 5 in Dodging
 14067 | Lair:2   | Reached XP level 12. HP: 82/87 MP: 14/24
 14225 | Lair:2   | Found a staircase to the Snake Pit.
 14277 | Lair:2   | Reached skill level 9 in Ice Magic
 14277 | Lair:2   | Reached skill level 5 in Evocations
 14286 | Lair:2   | Gained mutation: Your magical capacity is low. (-10% MP)
                  | [Ru sacrifice]
 14286 | Lair:2   | Reached ****** piety under Ru
 14653 | Lair:3   | Noticed Nessos
 14665 | Lair:3   | Shot with an arrow by Nessos

Illustrated notes

Levels and vault maps discovered:
D:1:      heliophobic_arrival_battle_scene, layout_rooms, serial_shops, shop
D:2:      layout_loops_corners, basic_altar, minmay_circle_x
D:3:      layout_basic, nicolae_overflow_hidden_temple, serial_shops, shop,
          hangedman_decor_peaks_small
D:4:      minmay_bubble_buster, layout_loops_cross,
          mainiacjoe_overflow_alcove_4, minmay_temple_entry_statues_fountains
D:5:      layout_loops_corners, ebering_ghost_rock_garden, uniq_ijyb,
          uniq_prince_ribbit1, uniq_sigmund
D:6:      layout_loops_ring, uniq_grinder, uniq_edmund, uniq_crazy_yiuf_cottage
D:7:      layout_basic, mainiacjoe_overflow_catwalk, chequers_mini_garden
D:8:      layout_basic, minmay_misc_feat_hallway
D:9:      layout_loops_cross, serial_shops, nicolae_shop_hallway_stairs
D:10:     layout_cross, david_orc_4, serial_shops, nicolae_shop_trees,
          uniq_maggie
D:11:     layout_irregular_city, lair_entry_dummy, nicolae_gozag_seed_capital
Temple:   nicolae_temple_bog_church
Lair:1:   layout_small_grid
Lair:2:   layout_cave_shapes, dummy_snake_entry, grunt_megastairs_1,
          uniq_amaemon
Lair:3:   layout_misc_corridors, palyth_hydra_swamp_entry,
          gauntlet_entry_generic, infiniplex_staircase_pool, uniq_nessos

Skill      XL: |  1  2  3  4  5  6  7  8  9 10 11 12 |
---------------+-------------------------------------+-----
Spellcasting   | 3 4 5 5 6 7 8 |  8.9
Ice Magic      | 4 5 6 6 7 8 9 |  9.2
Necromancy     | 1 2 3 4 5 6 |  6.7
Fighting       | 1 2 3 4 5 6 |  6.1
Dodging        | 2 3 4 5 |  5.3
Unarmed Combat | 1 2 |  2.6
Evocations     | 1 2 3 4 5 |  5.1
Maces & Flails | 1 2 3 4 |  4.0
Stealth        | 0 |  0.0

Action                   |  1- 3 |  4- 6 |  7- 9 | 10-12 || total
-------------------------+-------+-------+-------+-------++-------
Melee: Unarmed           |     4 |       |       |       ||     4
       Club              |     2 |       |       |       ||     2
       Mace              |     5 |    59 |   100 |       ||   164
       Punch             |       |     3 |     2 |       ||     5
       Flail             |       |       |   137 |   317 ||   454
 Cast: Freeze            |    58 |    12 |    11 |     8 ||    89
       Frozen Ramparts   |     3 |    17 |    53 |    62 ||   135
       Ozocubu's Armour  |       |     4 |    30 |    42 ||    76
       Vampiric Draining |       |     1 |     9 |     1 ||    11
       Summon Ice Beast  |       |       |     9 |     9 ||    18
       Hailstorm         |       |       |     2 |       ||     2
Invok: Sacrifice Skill   |       |       |     1 |       ||     1
       Power Leap        |       |       |     1 |       ||     1
       Sacrifice Arcana  |       |       |     1 |       ||     1
       Sacrifice a Hand  |       |       |     1 |       ||     1
       Sacrifice Stealth |       |       |       |     1 ||     1
       Sacrifice Purity  |       |       |       |     1 ||     1
       Sacrifice Essence |       |       |       |     1 ||     1
Evoke: Wand              |       |       |     5 |    17 ||    22
       Condenser vane    |       |       |       |     1 ||     1
  Use: Scroll            |       |     7 |     3 |     8 ||    18
 Stab: Sleeping          |     3 |     1 |     2 |       ||     6
       Distracted        |       |       |     2 |     2 ||     4
       Invisible         |       |       |       |     1 ||     1
       Paralysed         |       |       |       |     3 ||     3
Armor: Robe              |    11 |    32 |   115 |   148 ||   306
Dodge: Dodged            |    31 |    54 |   208 |   237 ||   530

Table legend: (Time is in decaauts)
 A = Elapsed time spent in this place.
 B = Non-inter-level travel time spent in this place.
 C = Inter-level travel time spent in this place.
 D = Time resting spent in this place.
 E = Time spent auto-exploring this place.
 F = Levels seen in this place.
 G = Mean time per level.
                   A        B        C        D        E       F      G
               +--------+--------+--------+--------+--------+-----+--------+
         Total |  14888 |  14266 |    622 |   3089 |   6976 |  15 |  992.5 |
       Dungeon |  12688 |  12188 |    500 |   2747 |   6647 |  11 | 1153.5 |
        Temple |    223 |    173 |     50 |      0 |    118 |   1 |  223.0 |
          Lair |   1976 |   1905 |     71 |    342 |    211 |   3 |  658.7 |
               +--------+--------+--------+--------+--------+-----+--------+

Top non-repeatable levels by time:
     D:5: 1477 daAuts
     D:6: 1476 daAuts
     D:8: 1373 daAuts
     D:4: 1346 daAuts
     D:3: 1230 daAuts
     D:2: 1125 daAuts
     D:7: 1110 daAuts
    D:10: 1099 daAuts
  Lair:1: 927 daAuts
     D:9: 898 daAuts
    D:11: 897 daAuts
  Lair:2: 798 daAuts
     D:1: 652 daAuts
  Lair:3: 250 daAuts
  Temple: 223 daAuts
